 Dungeon Crawl Stone Soup version 0.28-a0-1629-gf728b707aa (webtiles) character file.

Game seed: 15067080276323515040

26 HallandMoats the Vandal (level 3, 30/30 HPs)
             Began as a Ghoul Hunter on Jan 24, 2022.
             Was a Follower of Uskayaw.
             Safely got out of the dungeon.
             The game lasted 00:01:04 (605 turns).

HallandMoats the Vandal (Ghoul Hunter)               Turns: 605, Time: 00:01:05

Health: 30/30      AC:  6    Str: 15    XL:     3   Next: 8%
Magic:  2/2        EV:  9    Int:  6    God:    Uskayaw [*.....]
Gold:   29         SH:  0    Dex: 11    Spells: 2/2 levels left

rFire   . . .      SeeInvis .   a - +1 hunting sling
rCold   + . .      Faith    .   (no shield)
rNeg    + + +      Spirit   .   k - +0 scale mail
rPois   ∞          Reflect  .   (no helmet)
rElec   .          Harm     .   (no cloak)
rCorr   .          Rampage  .   (no gloves)
Will    .....                   (no boots)
Stlth   ..........              (no amulet)
HPRegen 0.10/turn               (no ring)
MPRegen 0.08/turn               (no ring)

@: no status effects
A: claws 1, cold resistance 1, negative energy resistance 3, inhibited
regeneration, torment resistance 2
a: Renounce Religion, Stomp


You escaped.
You worshipped Uskayaw.
Uskayaw was noncommittal.
You visited 1 branch of the dungeon, and saw 2 of its levels.

You collected 29 gold pieces.

Inventory:

Hand Weapons
 a - a +1 hunting sling (weapon)
 b - a +0 short sword
Missiles
 d - 7 sling bullets (quivered ammo)
 e - 29 stones
Armour
 k - a +0 scale mail (worn)
Scrolls
 g - a scroll of identify {unknown}
 i - a scroll of fear {unknown}
 j - a scroll of enchant armour {unknown}
Potions
 f - a potion of might {unknown}
 h - 2 potions of ambrosia {unknown}


   Skills:
 + Level 2.5 Fighting
 * Level 4.0 Slings
 + Level 0.8 Armour
 + Level 2.1 Dodging
 - Level 1.1 Stealth


You had 2 spell levels left.
You didn't know any spells.
Your spell library contained the following spells:

 Spells                   Type           Power      Damage    Failure   Level
 Ensorcelled Hibernation  Hex/Ice        0%         N/A       97%         2
 Anguish                  Hex/Necr       0%         N/A       100%        4
 Spider Form              Tmut/Pois      Unusable   N/A       N/A         3

Dungeon Overview and Level Annotations

Branches:
Dungeon (2/15)

Altars:
Uskayaw


Innate Abilities, Weirdness & Mutations

You thrive by killing the living.
You are immune to poison.
You have sharp fingernails.
Your flesh is cold resistant. (rC+)
You are immune to negative energy. (rN+++)
You do not regenerate when monsters are visible.
You are immune to unholy pain and torment.


Message History

Unknown command.
There is a faded altar of an unknown god here.
You cannot tell which god this altar belongs to.
Convert to them anyway?
Uskayaw accepts your prayer! Uskayaw welcomes you!
You can now stomp with the beat.
You shoot a sling bullet.
The sling bullet closely misses the kobold.
The sling bullet hits the fungus.
The fungus begins to die.
The fungus is lightly damaged.
The kobold hits you but does no damage.
You shoot a sling bullet. The sling bullet hits the kobold.
The kobold is heavily wounded.
The kobold hits you with a +0 dagger.
You shoot a sling bullet. The sling bullet hits the kobold!
You kill the kobold!
You feel better.
No target in view!
No target in view!
No target in view!
(D) Dungeon
Where to? (Enter - D:2, ? - help)
What level of the Dungeon? (default 1, ? - help)
A nearby fungus withers and dies.
d - 6 sling bullets (gained 2)
Things that are here:
a +0 dagger; a kobold corpse
d - 7 sling bullets (gained 1)
There is a stone staircase leading up here.
You climb upwards.
There is a stone staircase leading down here.
There is a staircase leading out of the dungeon here.
(D) Dungeon
Where to? (Enter - D:1 @ (x,y), ? - help)
Okay, then.
Unknown command.
Are you sure you want to leave the Dungeon?
This will make you lose the game! [Y]es or [N]o only, please.
Are you sure you want to leave the Dungeon?
This will make you lose the game!
You have escaped!

#.#...........#.#.......#
##.....#.#.....###......#
#......#.#......##.......
#......#.#......##.......
#....#.#.#.#....##......#
#...##.#.#.##...##.......
#.....⌠#.#⌠.....#.......#
###..#####.#####..##.......
#.........@................
#####.#..#####.#####..#........
#.....#.....⌠#.#⌠.....#........
#...###...##.#.#.##...#...#.##.
#.....#....#.#.#.#....#.###.##.
#.....#......#.#......#..##.###
#.....#......#.#......#..##.#
#.....##.....#.#.....##..##.# #
#....##.#...........#.#..##.# #


There were no monsters in sight!

Vanquished Creatures
  A ball python (D:1)
  A bat (D:1)
  An endoplasm (D:1)
  2 giant cockroaches (D:1)
  2 goblins (D:1)
  3 hobgoblins (D:1)
  3 quokkas (D:1)
  2 frilled lizards (D:1)
  6 kobolds
  2 rats (D:1)
23 creatures vanquished.

Vanquished Creatures (others)
  A fungus (D:2)
1 creature vanquished.

Grand Total: 24 creatures vanquished

Notes
Turn   | Place    | Note
-------+----------+-------------------------------------------
     0 | D:1      | HallandMoats the Ghoul Hunter began the quest for the Orb.
     0 | D:1      | Reached XP level 1. HP: 17/17 MP: 0/0
   114 | D:1      | Reached XP level 2. HP: 25/25 MP: 1/1
   416 | D:1      | Reached XP level 3. HP: 30/30 MP: 2/2
   421 | D:1      | Reached skill level 4 in Slings
   555 | D:2      | Found a faded altar of an unknown god.
   565 | D:2      | Prayed at the altar of an unknown god.
   565 | D:2      | Became a worshipper of Uskayaw the Reveller
   565 | D:2      | Reached * piety under Uskayaw
   605 | D:$      | Safely got out of the dungeon.

Illustrated notes

Levels and vault maps discovered:
D:1:      matt_arrival_grand_opening, layout_rooms
D:2:      layout_rooms, dreamdust_ecumenical_altar_grove, uniq_jessica

Skill      XL: |  1  2  3 |
---------------+----------+-----
Dodging        | 2 |  2.1
Slings         | 4 |  4.0
Fighting       | |  2.5
Armour         | |  0.8
Stealth        | |  1.1

Action                   || total
-------------------------++-------
 Fire: Hunting sling     ||    76
Armor: Leather armour    ||     8
       Scale mail        ||     1
Dodge: Dodged            ||    13

Table legend: (Time is in decaauts)
 A = Elapsed time spent in this place.
 B = Non-inter-level travel time spent in this place.
 C = Inter-level travel time spent in this place.
 D = Time resting spent in this place.
 E = Time spent auto-exploring this place.
 F = Levels seen in this place.
 G = Mean time per level.
                   A        B        C        D        E       F      G
               +--------+--------+--------+--------+--------+-----+--------+
         Total |    605 |    554 |     51 |      0 |    409 |   2 |  302.5 |
       Dungeon |    605 |    554 |     51 |      0 |    409 |   2 |  302.5 |
               +--------+--------+--------+--------+--------+-----+--------+

Top non-repeatable levels by time:
     D:1: 583 daAuts
     D:2: 22 daAuts
